 Dungeon Crawl Stone Soup version 0.24.0-1-gfbc8707122 (webtiles) character file.

Game seed: 2136891048672883831, levelgen mode: deterministic

30 redmage the Charlatan (level 3, -2/28 HPs)
             Began as a Gnoll Artificer on Oct 29, 2019.
             Killed from afar by an orc wizard (9 damage)
             ... with a puff of frost
             ... on level 3 of the Dungeon.
             The game lasted 00:03:51 (438 turns).

redmage the Charlatan (Gnoll Artificer)              Turns: 438, Time: 00:03:51

Health: -2/28      AC:  5    Str:  9    XL:     3   Next: 18%
Magic:  7/7        EV: 12    Int: 13    God:
Gold:   13         SH:  0    Dex: 16    Spells: 3/3 levels left

rFire    . . .     SeeInvis .   a - +0 short sword
rCold    . . .     Gourm    .   (no shield)
rNeg     . . .     Faith    .   g - +0 ring mail
rPois    .         Spirit   .   (no helmet)
rElec    .         Reflect  .   (no cloak)
rCorr    .         Harm     .   (no gloves)
MR       .....                  (no boots)
Stlth    ++........             (no amulet)
HPRegen  0.09/turn              k - -5 ring of strength (curse)
MPRegen  0.10/turn              (no ring)

@: slowed, very slow
A: distributed training, fangs 1, strong nose
a: no special abilities


You were on level 3 of the Dungeon.
You were not hungry.

You visited 1 branch of the dungeon, and saw 3 of its levels.

You collected 13 gold pieces.

Inventory:

Hand Weapons
 a - a +0 short sword (weapon)
Armour
 b - a +0 leather armour
 g - a +0 ring mail (worn)
Jewellery
 k - a cursed -5 ring of strength (left hand)
Wands
 c - a wand of flame (12)
 d - a wand of enslavement (15)
 e - a wand of random effects (15)
Scrolls
 h - 2 scrolls of enchant weapon {unknown}
 j - a scroll of magic mapping {unknown}
 m - a scroll of teleportation {unknown}
 n - a scroll of remove curse {unknown}
Potions
 i - a potion of heal wounds {unknown}
 l - a potion of resistance {unknown}
Comestibles
 f - 3 rations


   Skills:
 + Level 2.5 Fighting
 + Level 2.5 Short Blades
 + Level 0.6 Long Blades
 + Level 0.6 Axes
 + Level 0.6 Maces & Flails
 + Level 0.6 Polearms
 + Level 0.6 Staves
 + Level 0.6 Slings
 + Level 0.6 Bows
 + Level 0.6 Crossbows
 + Level 0.6 Throwing
 + Level 0.6 Armour
 + Level 4.5 Dodging
 + Level 2.3 Stealth
 + Level 0.6 Shields
 + Level 0.6 Unarmed Combat
 + Level 0.6 Spellcasting
 + Level 0.4 Conjurations
 + Level 0.4 Hexes
 + Level 0.4 Charms
 + Level 0.4 Summonings
 + Level 0.4 Necromancy
 + Level 0.4 Translocations
 + Level 0.4 Transmutations
 + Level 0.4 Fire Magic
 + Level 0.4 Ice Magic
 + Level 0.4 Air Magic
 + Level 0.4 Earth Magic
 + Level 0.4 Poison Magic
 + Level 0.8 Invocations
 + Level 6.5 Evocations


You had 3 spell levels left.
You didn't know any spells.
Your spell library was empty.

Dungeon Overview and Level Annotations

Branches:
Dungeon (3/15)

Altars:


Innate Abilities, Weirdness & Mutations

Your experience applies equally to all skills.
You have very sharp teeth.
Your uncanny sense of smell can sniff out nearby items.


Message History

An orc wizard comes into view. It is wielding a +0 dagger.
The orc shouts!
The orc wizard points at you and mumbles some strange words.
You feel yourself slow down.
The orc wizard points at you and mumbles some strange words.
The magic dart hits you.
The orc wizard gestures at you while chanting.
The puff of frost hits you. The orc wizard casts a spell at you.
You resist with significant effort.
The orc wizard gestures at you while chanting.
The magic dart hits you.
The orc wizard casts a spell.
The orc wizard seems to speed up.
The orc wizard casts a spell at you. The puff of flame hits you!
* * * LOW HITPOINT WARNING * * *
The orc wizard casts a spell at you. The puff of frost hits you!
You die...

..###...###.oo# .K###.##.#..#.#
...##.###.#o#.# ...##.#
#.#.#.#############
##.##.###....o#...........#
#.#)......#..#.#.#.#####.#######
#................#.# #........
#.#..#########.#.#.# #.######.
......# #..@...# #..#####.
##...... #.##.### #........
###.##.# #.#..# #.####### #.# .#
#.#..#######.# #.# #
##.#..........# ..
........#..#### ........†..#####
#####.#.##.....# #...<.####.#


You could see an orc wizard and an orc.

Vanquished Creatures
  An adder (D:2)
  2 giant cockroaches
  A goblin (D:3)
  3 hobgoblins
  2 kobolds
  7 bats
  4 rats
20 creatures vanquished.

Notes
Turn   | Place    | Note
-------+----------+-------------------------------------------
     0 | D:1      | redmage the Gnoll Artificer began the quest for the Orb.
     0 | D:1      | Reached XP level 1. HP: 17/17 MP: 4/4
   222 | D:1      | Reached XP level 2. HP: 19/23 MP: 6/6
   296 | D:3      | Reached XP level 3. HP: 24/28 MP: 7/7
   438 | D:3      | Killed from afar by an orc wizard

Levels and vault maps discovered:
D:1:      matt_arrival_diagonals, layout_loops_corners,
          hangedman_decor_diamond_cutter, minmay_pentomino_u2
D:2:      layout_rooms, lemuel_doored_altar, hangedman_decor_growths
D:3:      layout_loops_ring

Action                   || total
-------------------------++-------
Melee: Short sword       ||    68
       Bite              ||     9
Evoke: Wand              ||     3
 Stab: Sleeping          ||     2
Armor: Ring mail         ||    26
Dodge: Dodged            ||    59
